 Dungeon Crawl Stone Soup version 0.19.1-1-g22dce08 (webtiles) character file.

1899 Rrauwl the Bolt Thrower (level 9, -1/48 HPs)
             Began as a Kobold Hunter on Jan 13, 2017.
             Was a Priest of Cheibriados.
             Slain by an orc warrior
             ... wielding a +0 halberd
              (25 damage)
             ... on level 7 of the Dungeon.
             The game lasted 00:40:00 (5709 turns).

Rrauwl the Bolt Thrower (Kobold Hunter)             Turns: 5709, Time: 00:40:01

Health: -1/48      AC:  6    Str: 21    XL:     9   Next: 38%
Magic:  12/12      EV: 20    Int: 20    God:    Cheibriados [***...]
Gold:   286        SH:  2    Dex: 27    Spells: 0 memorised, 8 levels left

rFire  . . .     SeeInvis .     a - +2 hand crossbow
rCold  . . .     Gourm    .     c - +0 leather armour
rNeg   . . .     Faith    .     (shield restricted)
rPois  .         Spirit   .     j - +1 helmet
rElec  .         Reflect  +     (no cloak)
rCorr  .         Harm     .     b - +0 pair of gloves
MR     .....                    (no boots)
Stlth  ++++......               m - +2 amulet of reflection
                                (no ring)
                                t - +2 ring of strength

@: marked, very slow
A: hooves 1, agile 1, carnivore 3, frail 1
a: Bend Time, Temporal Distortion, Renounce Religion


You were on level 7 of the Dungeon.
You worshipped Cheibriados.
Cheibriados was most pleased with you.
You were very full.

You visited 1 branch of the dungeon, and saw 7 of its levels.

You collected 286 gold pieces.

Inventory:

Hand Weapons
 a - a +2 hand crossbow (weapon)
 B - a +0 dagger of venom
Missiles
 d - 37 bolts (quivered)
 p - 6 exploding tomahawks
Armour
 b - a +0 pair of gloves (worn)
 c - a +0 leather armour (worn)
 j - a +1 helmet (worn)
 A - a +0 plate armour
Rods
 z - a +0 rod of clouds (14/14)
   (You found it on level 5 of the Dungeon)
Jewellery
 k - an uncursed amulet of magic regeneration
 m - a +2 amulet of reflection (around neck)
 t - a +2 ring of strength (left hand)
Wands
 g - a wand of lightning (1/15)
 v - a wand of teleportation (0/9)
 y - a wand of iceblast (2/15)
 E - a wand of confusion (21/48)
Scrolls
 e - a scroll of identify
 l - 3 scrolls of magic mapping
 o - 3 scrolls of teleportation
 s - a scroll of remove curse
 w - a scroll of enchant armour
 C - 2 scrolls of blinking
Potions
 h - a potion of magic
 r - 2 potions of brilliance
 u - a potion of lignification
 x - 2 potions of curing
 D - a potion of flight
Comestibles
 f - 5 meat rations
 i - 2 beef jerkies
 n - a slice of pizza
 q - a royal jelly


   Skills:
 + Level 5.2 Fighting
 + Level 6.2 Short Blades
 + Level 7.9 Crossbows
 - Level 1.0 Armour
 + Level 5.9 Dodging
 + Level 6.5 Stealth
 + Level 4.5 Invocations


You had 8 spell levels left.
You didn't know any spells.

Dungeon Overview and Level Annotations

Branches:
Dungeon (7/15)             Temple (0/1) D:4

Altars:
Cheibriados
Elyvilon
Gozag
Qazlal
Ru
Trog
Vehumet
Yredelemnul
Zin
The Shining One

Shops:
D:4 *


Innate Abilities, Weirdness & Mutations

You are small and have problems with some larger weapons.
You are carnivorous and can eat meat at any time.
You have large cloven feet.
You are agile. (Dex +2)
You are frail. (-10% HP)


Message History

You shoot a bolt. The bolt hits the centaur.
The centaur is moderately wounded.
The centaur misses you. The orc warrior completely misses you.
A bullfrog comes into view.
Firing (i - inventory. (,) - cycle):
d - 39 bolts (quivered)
Press: ? - help, Shift-Dir - straight line, f/p - centaur
Aim: a centaur (moderately wounded)
You shoot a bolt. The bolt hits the centaur!
The centaur is almost dead.
The centaur barely misses you. The centaur closely misses you.
An orc wizard comes into view. It is wielding an enchanted dagger.
Firing (i - inventory. (,) - cycle):
d - 38 bolts (quivered)
Press: ? - help, Shift-Dir - straight line, f/p - centaur
Aim: a centaur (almost dead)
You shoot a bolt. The bolt hits the centaur.
The centaur is almost dead.
The centaur barely misses you.
The orc warrior hits you from afar with a halberd!!
Ouch! That really hurt!
You die...

#..........#..#
#..........#...
#....C.....#.#
#...........<#
#o...[....##.#
#S........##...
#.........##.##
######Co.......#...
#..@cooF...........
#.########.##.##...#
# ########.## ..


You could see a cyclops, an orc warrior, a bullfrog, a centaur and 2 orc
wizards.

Vanquished Creatures
  Grinder (D:6)
  2 orc warriors (D:6)
  2 phantoms (D:6)
  An ogre (D:6)
  2 centaurs
  Blork the orc (D:6)
  2 bullfrogs (D:6)
  3 scorpions (D:6)
  A water moccasin skeleton (D:6)
  A crimson imp (D:6)
  A quasit (D:6)
  2 orc priests
  A hound (D:6)
  3 jellies
  2 bullfrog skeletons
  A centaur skeleton (D:6)
  2 orc wizards (D:6)
  4 worker ants
  An iguana (D:6)
  A hound skeleton (D:4)
  9 adders
  2 oozes (D:3)
  An adder skeleton (D:4)
  An adder zombie (D:6)
  4 worms
  3 dart slugs
  2 leopard geckos (D:6)
  6 orcs
  5 ball pythons
  6 bats
  5 giant cockroaches
  2 gnoll zombies (D:5)
  2 goblins
  6 hobgoblins
  6 jackals
  A quokka (D:3)
  6 frilled lizards
  9 kobolds
  A quokka skeleton (D:6)
  4 rats
115 creatures vanquished.

Vanquished Creatures (others)
  A kobold (D:2)
1 creature vanquished.

Grand Total: 116 creatures vanquished

Notes
Turn   | Place    | Note
-------+----------+-------------------------------------------
     0 | D:1      | Rrauwl the Kobold Hunter began the quest for the Orb.
     0 | D:1      | Reached XP level 1. HP: 12/12 MP: 1/1
    71 | D:1      | Reached skill level 5 in Crossbows
   154 | D:1      | Reached XP level 2. HP: 11/17 MP: 2/2
   477 | D:1      | Reached XP level 3. HP: 10/21 MP: 3/3
   797 | D:1      | Reached skill level 1 in Short Blades
  1067 | D:2      | Gained mutation: You have large cloven feet. [potion of mutation]
  1067 | D:2      | Gained mutation: You are frail. (-10% HP) [potion of mutation]
  1067 | D:2      | Gained mutation: You are agile. (Dex +2) [potion of mutation]
  1075 | D:2      | Found a faded altar of an unknown god.
  1081 | D:2      | Found a snail-covered altar of Cheibriados.
  1432 | D:2      | Became a worshipper of Cheibriados the Contemplative
  1432 | D:2      | Reached * piety under Cheibriados
  1504 | D:2      | Found a white marble altar of Elyvilon.
  1765 | D:3      | Reached XP level 4. HP: 23/23 MP: 4/4
  2233 | D:3      | Reached skill level 1 in Armour
  2407 | D:3      | Reached XP level 5. HP: 27/27 MP: 5/5
  2454 | D:3      | Found an opulent altar of Gozag.
  2455 | D:3      | Found a glowing golden altar of the Shining One.
  2644 | D:3      | Reached ** piety under Cheibriados
  2686 | D:4      | Found Gozag's Platinum Reserve.
  2687 | D:4      | Found an opulent altar of Gozag.
  2724 | D:4      | Reached skill level 1 in Invocations
  2774 | D:4      | Found a glowing silver altar of Zin.
  2930 | D:4      | Found a staircase to the Ecumenical Temple.
  3015 | D:4      | Reached skill level 6 in Crossbows
  3550 | D:4      | Reached XP level 6. HP: 32/32 MP: 6/6
  3760 | D:5      | Entered Level 5 of the Dungeon
  4079 | D:5      | Found a basalt altar of Yredelemnul.
  4265 | D:5      | Reached XP level 7. HP: 36/36 MP: 8/8
  4427 | D:5      | Identified a +0 rod of clouds (14/14) (You found it on level 5 of the Dungeon)
  4540 | D:6      | Found a bloodstained altar of Trog.
  4609 | D:6      | Found a stormy altar of Qazlal.
  4631 | D:6      | Noticed Blork the orc
  4634 | D:6      | Killed Blork the orc
  4676 | D:6      | Reached XP level 8. HP: 16/43 MP: 8/10
  4678 | D:6      | Reached *** piety under Cheibriados
  4678 | D:6      | Reached skill level 7 in Crossbows
  4691 | D:6      | Reached skill level 5 in Stealth
  4747 | D:6      | Reached skill level 5 in Short Blades
  4747 | D:6      | Reached skill level 5 in Dodging
  4936 | D:6      | Noticed Grinder
  4939 | D:6      | Paralysed by Grinder for 5 turns
  4953 | D:6      | Killed Grinder
  4971 | D:6      | Reached XP level 9. HP: 39/46 MP: 11/11
  5164 | D:6      | Reached skill level 5 in Fighting
  5231 | D:6      | Found a sacrificial altar of Ru.
  5419 | D:6      | Found a radiant altar of Vehumet.
  5694 | D:7      | Noticed a cyclops
  5709 | D:7      | Slain by an orc warrior

Skill      XL: |  1  2  3  4  5  6  7  8  9 |
---------------+----------------------------+-----
Crossbows      | 5 6 7 |  7.9
Short Blades   | 1 2 3 4 5 6 |  6.2
Stealth        | 2 3 4 5 6 |  6.5
Armour         | 1 |  1.0
Invocations    | 1 2 3 4 |  4.5
Dodging        | 3 4 5 |  5.9
Fighting       | 3 4 5 |  5.2

Action                   |  1- 3 |  4- 6 |  7- 9 || total
-------------------------+-------+-------+-------++-------
Melee: Short sword       |   100 |       |    22 ||   122
       Kick              |     1 |       |    10 ||    11
 Fire: Hand crossbow     |    18 |    96 |   117 ||   231
Throw: Tomahawk          |       |       |     2 ||     2
Evoke: Wand              |       |       |    10 ||    10
  Use: Potion            |     5 |     5 |     2 ||    12
       Scroll            |     5 |     8 |     1 ||    14
 Stab: Sleeping          |     4 |       |       ||     4
  Eat: Chunk             |    11 |     2 |     2 ||    15
Armor: Leather armour    |    18 |     6 |     4 ||    28
       Plate armour      |       |       |    21 ||    21
Dodge: Dodged            |    80 |    23 |   100 ||   203
Block: Other             |       |       |     8 ||     8
